Map: Hardwire LE

Players

cure

  • Race: Terran Terran

Spirit (souL) - Winner!

  • Race: Terran Terran

Event: TSL 8

VOD

Have the link to the VOD?

Description

Time

  • Played on: Nov. 27, 2021, 8:34 a.m.
  • Length: 19:08

All games in this series

Show
View Real Time Build Order
Export as new Build Order

cure Terran 

Build Orders:  

Get SALT Encoding   

  12  0:00  SCV  
  13  0:12  SCV  
  14  0:17  Supply Depot  
  14  0:24  SCV  
  15  0:39  SCV  
  15  0:41  Barracks  
  15  0:42  Refinery  
  16  0:51  SCV  
  16  0:52  Refinery  
  17  1:03  SCV  
  18  1:15  SCV  
  19  1:28  Reaper, Orbital Command  
  20  1:34  Supply Depot  
  20  1:42  Factory  
  20  1:53  SCV  
  21  2:00  Barracks Reactor  
  21  2:06  SCV  
  22  2:18  SCV  
  23  2:23  Command Center  
  23  2:28  Hellion  
  25  2:30  SCV  
  25  2:36  Reaper x2  
  28  2:41  Supply Depot  
  28  2:43  SCV  
  29  2:50  Hellion  
  31  2:59  Starport  
  31  3:03  SCV  
  32  3:08  Reaper x2  
  32  3:11  Hellion  
  36  3:15  SCV  
  37  3:23  Refinery  
  37  3:27  SCV  
  37  3:33  Factory Tech Lab  
  38  3:35  Orbital Command  
  38  3:37  Starport Tech Lab  
  38  3:39  SCV  
  39  3:41  Marine  
  39  3:42  Marine  
  41  3:49  Supply Depot  
  41  3:53  Cyclone  
  44  3:58  SCV  
  44  4:01  Raven  
  47  4:06  Marine x2  
  49  4:13  SCV x2  
  46  4:24  Marine x2  
  44  4:25  SCV x2  
  44  4:26  Siege Tank  
  50  4:34  Supply Depot  
  50  4:37  SCV x2  
  52  4:50  SCV x2  
  52  4:52  Command Center  
  54  4:54  Stimpack  
  54  4:55  Starport Reactor, Marine  
  55  5:02  SCV, Siege Tank  
  55  5:04  SCV  
  60  5:12  Barracks  
  60  5:13  Barracks  
  60  5:15  Marine  
  60  5:19  SCV x2  
  63  5:29  Supply Depot x2  
  63  5:31  SCV x2  
  63  5:33  Marine  
  66  5:37  Siege Tank  
  66  5:42  Refinery  
  69  5:43  SCV  
  69  5:44  Starport Reactor  
  70  5:50  SCV  
  70  5:51  Marine  
  70  5:52  Engineering Bay  
  70  5:53  Engineering Bay  
  70  5:57  SCV  
  73  6:02  Marine x2  
  73  6:03  SCV  
  76  6:04  Orbital Command  
  76  6:08  Marine x2  
  76  6:09  Marine  
  79  6:12  Siege Tank  
  82  6:20  Terran Infantry Weapons Level 1, Terran Infantry Armor Level 1  
  82  6:24  Medivac  
  82  6:25  Medivac  
  86  6:28  Marine x4  
  86  6:29  Marine  
  86  6:30  Orbital Command  
  91  6:34  Supply Depot  
  91  6:35  Supply Depot  
  91  6:37  Combat Shield  
  91  6:42  SCV x2  
  93  6:53  Marine x5  
  97  6:57  Siege Tank  
  97  6:59  SCV x3  
  103  7:03  Medivac  
  103  7:04  Medivac  
  107  7:12  Supply Depot, Barracks  
  107  7:14  Barracks  
  107  7:15  SCV  
  107  7:16  SCV x2  
  107  7:19  Marine x4  
  114  7:23  Marine  
  114  7:29  SCV x2  
  117  7:33  Supply Depot  
  117  7:34  SCV, Siege Tank  
  121  7:38  Armory  
  121  7:39  Supply Depot  
  121  7:44  Marine x4  
  125  7:53  Refinery  
  125  7:54  Refinery  
  125  7:55  SCV x3  
  128  8:01  Sensor Tower  
  128  8:02  Barracks Reactor  
  128  8:03  Barracks Reactor  
  126  8:07  SCV x3  
  126  8:11  Marine x5  
  125  8:13  Supply Depot  
  125  8:23  Siege Tank  
  126  8:29  Marine x3  
  126  8:34  SCV x2  
  130  8:40  SCV  
  130  8:45  Marine x3  
  130  8:46  SCV x2  
  130  8:47  Marine  
  133  8:49  Marine  
  133  8:53  SCV  
  132  8:58  SCV x2  
  132  8:59  Terran Infantry Weapons Level 2  
  134  9:03  Terran Infantry Armor Level 2  
  134  9:10  Terran Vehicle Weapons Level 1  
  134  9:14  SCV x3  
  137  9:22  Barracks Reactor  
  137  9:26  SCV x3  
  137  9:27  Missile Turret, Marine x2  
  137  9:28  Marine x4  
  137  9:30  Siege Tank  
  146  9:37  Supply Depot  
  146  9:38  Supply Depot, SCV x3, Factory  
  149  9:46  Missile Turret  
  149  9:49  Missile Turret  
  149  9:58  Marine x6  
  149  9:59  Medivac, Marine x2  
  159  10:03  Medivac  
  159  10:04  SCV x3  
  163  10:09  Supply Depot  
  163  10:10  Supply Depot  
  163  10:16  Marine x4  
  163  10:19  Marine x2  
  161  10:22  Siege Tank  
  155  10:29  SCV  
  155  10:34  Marine  
  149  10:38  Command Center  
  132  10:57  Command Center  
  132  11:05  Medivac  
  132  11:08  Marine x2  
  130  11:20  Siege Tank  
  130  11:21  Medivac  
  130  11:22  Marine x2  
  132  11:31  SCV  
  133  11:42  Marine x2  
  133  11:43  Marine x4  
  133  11:56  Marine x4  
  133  12:00  Marine, Orbital Command  
  137  12:07  Marine x3  
  112  12:10  Marine x2  
  108  12:18  Orbital Command  
  102  12:28  Siege Tank x2  
  102  12:29  Medivac  
  110  12:36  Marine x6  
  116  12:39  Medivac  
  118  12:45  Marine x4  
  118  12:51  Terran Infantry Weapons Level 3  
  122  12:56  Terran Infantry Armor Level 3  
  122  13:00  Siege Tank  
  122  13:02  Siege Tank  
  122  13:05  Marine x3  
  131  13:08  Marine x2  
  133  13:17  SCV x2  
  131  13:21  Orbital Command  
  131  13:24  Marine x4  
  135  13:29  SCV x2  
  135  13:30  Marine x6  
  143  13:34  Medivac  
  143  13:40  Terran Vehicle Weapons Level 2  
  139  13:42  Marine x4  
  139  13:48  Marine x4  
  147  13:49  Siege Tank  
  148  13:55  Marine x2  
  148  13:58  Medivac  
  148  13:59  Marine x2  
  148  14:00  Marine x2  
  156  14:06  Marine x4  
  153  14:27  Marine x8  
  153  14:28  Siege Tank x2  
  146  14:33  Medivac x2  
  146  14:36  Marine x2  
  152  14:45  Marine x8  
  160  14:54  Marine x2  
  160  15:03  Command Center, Marine x4  
  162  15:12  Siege Tank x2  
  168  15:14  Marine x4  
  168  15:16  Marine  
  173  15:23  Supply Depot, Marine  
  173  15:25  Supply Depot  
  173  15:26  Supply Depot  
  173  15:34  Sensor Tower  
  173  15:45  SCV x2, Siege Tank, Marine x3  
  173  15:48  SCV  
  180  16:06  Marine x2  
  181  16:15  Siege Tank, Marine x4  
  181  16:17  Siege Tank  
  188  16:19  Marine x4  
  187  16:29  Marine  
  187  16:30  Marine  
  179  16:32  Marine x4  
  163  16:48  Planetary Fortress  
  113  18:07  Marine  
  110  18:13  Marine x6  
  110  18:14  Medivac, Marine x3  
  110  18:15  Medivac  
  110  18:16  Siege Tank x2  
  81  18:25  Marine  
  50  18:30  Marine  
  50  18:31  Marine x5  
  50  18:32  Marine x3  
  55  18:42  SCV  
  55  18:43  Marine  
Show
View Real Time Build Order
Export as new Build Order

Spirit Terran - Winner!

Build Orders:  

Get SALT Encoding   

  12  0:00  SCV  
  13  0:12  SCV  
  14  0:17  Supply Depot  
  14  0:24  SCV  
  15  0:39  SCV  
  15  0:40  Barracks  
  16  0:44  Refinery  
  16  0:51  SCV  
  16  0:52  Refinery  
  17  1:03  SCV  
  18  1:15  SCV  
  19  1:27  Reaper, Orbital Command  
  19  1:32  Supply Depot  
  20  1:45  Factory  
  20  1:53  SCV  
  21  1:59  Reaper  
  22  2:05  SCV  
  23  2:17  SCV  
  24  2:22  Command Center  
  24  2:29  SCV  
  25  2:30  Hellion  
  25  2:32  Barracks Reactor  
  27  2:41  SCV  
  27  2:42  Supply Depot  
  28  2:51  Hellion  
  28  2:54  SCV  
  31  2:59  Starport  
  31  3:06  SCV  
  31  3:10  Marine x2  
  34  3:13  Factory Tech Lab  
  34  3:18  SCV  
  35  3:28  Marine x2  
  37  3:34  SCV, Cyclone  
  37  3:35  Orbital Command  
  37  3:36  Starport Tech Lab  
  37  3:39  Refinery  
  41  3:46  SCV, Marine  
  43  3:55  Raven  
  43  3:58  SCV  
  43  4:01  Supply Depot, SCV  
  45  4:10  SCV  
  45  4:13  SCV  
  45  4:15  Siege Tank, Marine  
  50  4:22  SCV  
  51  4:25  SCV  
  51  4:30  Supply Depot  
  52  4:34  SCV, Marine x2  
  52  4:37  SCV  
  56  4:41  Raven  
  56  4:44  Supply Depot  
  58  4:47  SCV  
  58  4:50  Siege Tank  
  62  4:54  Command Center  
  62  4:56  SCV  
  62  4:59  SCV, Marine  
  64  5:05  Refinery  
  64  5:06  Marine  
  66  5:08  SCV  
  66  5:11  SCV  
  68  5:18  Supply Depot  
  68  5:21  SCV  
  69  5:22  Siege Tank  
  69  5:23  SCV  
  73  5:30  Supply Depot  
  73  5:33  SCV, Viking x2  
  73  5:34  Stimpack  
  78  5:40  SCV, Marine  
  80  5:45  SCV  
  80  5:47  Supply Depot  
  81  5:52  SCV  
  81  5:54  Siege Tank  
  81  5:56  Supply Depot  
  85  5:57  SCV  
  85  6:03  Viking  
  88  6:05  Barracks  
  88  6:06  Viking, Barracks  
  88  6:09  SCV  
  91  6:15  SCV  
  91  6:17  Marine  
  93  6:21  SCV  
  93  6:25  Orbital Command  
  94  6:26  Siege Tank  
  97  6:33  Liberator  
  97  6:35  SCV, Marine  
  102  6:42  Supply Depot  
  102  6:46  Liberator  
  105  6:52  Marine  
  107  6:54  SCV x2  
  107  6:56  Barracks Reactor x2  
  107  6:58  SCV  
  109  7:02  Supply Depot  
  109  7:03  Supply Depot  
  109  7:06  SCV x2  
  111  7:10  Engineering Bay x2, Marine  
  111  7:13  Siege Tank  
  111  7:14  SCV  
  116  7:18  SCV  
  116  7:22  SCV  
  118  7:23  Combat Shield  
  118  7:26  SCV, Barracks  
  118  7:28  Marine, Barracks  
  120  7:31  SCV, Refinery  
  120  7:33  Refinery  
  120  7:36  SCV, Marine  
  123  7:39  Terran Infantry Weapons Level 1  
  123  7:40  Sensor Tower, Marine, Terran Infantry Armor Level 1  
  123  7:43  Marine  
  125  7:45  Marine  
  125  7:46  SCV, Marine  
  125  7:48  Missile Turret  
  125  7:50  Missile Turret  
  129  7:51  SCV  
  129  7:52  SCV  
  129  7:54  Marine  
  134  7:58  Siege Tank  
  134  8:00  Marine  
  134  8:01  SCV  
  134  8:03  SCV  
  134  8:04  Marine  
  138  8:05  Marine x2  
  138  8:07  Armory  
  138  8:11  SCV  
  138  8:12  Marine  
  142  8:18  Marine  
  145  8:22  Marine  
  145  8:23  Medivac x2, Marine  
  145  8:24  Marine  
  145  8:25  Barracks Reactor  
  145  8:27  Supply Depot, Barracks Reactor, SCV  
  148  8:28  Supply Depot  
  148  8:30  Siege Tank  
  149  8:48  SCV, Marine x5  
  149  8:53  Medivac x2  
  149  8:54  Supply Depot x3  
  156  8:58  Command Center  
  159  9:02  Siege Tank  
  159  9:06  Marine x6  
  165  9:15  Terran Vehicle Weapons Level 1, Marine  
  166  9:18  Supply Depot  
  166  9:19  Supply Depot, Marine x2  
  166  9:20  Supply Depot  
  166  9:23  Medivac x2  
  166  9:24  Factory, Marine x6  
  172  9:29  SCV  
  179  9:33  Marine  
  179  9:34  Siege Tank  
  179  9:37  Marine x2  
  185  9:41  Marine x2  
  185  9:42  Marine x4  
  191  9:49  SCV  
  191  9:51  Marine  
  193  9:55  Marine x2  
  193  9:59  Marine x2  
  196  10:00  Marine  
  196  10:01  Marine  
  196  10:02  Marine  
  200  10:10  Factory Tech Lab  
  200  10:13  Terran Infantry Weapons Level 2, Terran Infantry Armor Level 2  
  200  10:15  Marine  
  196  10:22  Liberator x2  
  196  10:25  Marine  
  196  10:27  Marine x4  
  196  10:28  Marine x2  
  188  10:29  Marine  
  188  10:33  Marine  
  170  10:43  Marine  
  170  10:45  Marine x6  
  170  10:47  Marine  
  170  10:48  Siege Tank  
  172  10:51  Marine  
  173  11:01  SCV x2, Marine  
  173  11:03  Marine x6  
  182  11:04  Marine  
  182  11:05  Liberator x2  
  182  11:09  Marine  
  190  11:13  SCV x2  
  190  11:18  Marine  
  190  11:21  Marine x6  
  190  11:22  Marine  
  190  11:24  Orbital Command  
  190  11:25  SCV  
  184  11:27  Marine  
  185  11:35  SCV  
  185  11:36  Marine  
  185  11:37  SCV  
  185  11:39  Marine x3  
  191  11:42  Planetary Fortress  
  190  11:47  SCV  
  190  11:51  Siege Tank  
  190  11:53  Marine  
  189  11:55  Marine  
  189  11:56  Marine x5  
  189  12:00  Marine  
  186  12:01  Marine  
  170  12:10  Siege Tank  
  170  12:11  Marine  
  170  12:12  SCV  
  170  12:13  Marine x5  
  170  12:14  Marine  
  175  12:18  Marine  
  175  12:19  Marine  
  175  12:20  Medivac, SCV  
  180  12:23  Medivac  
  180  12:26  Sensor Tower  
  182  12:32  Sensor Tower  
  182  12:34  Supply Depot  
  182  12:36  Supply Depot, Marine x2  
  184  12:37  Supply Depot  
  184  12:44  Terran Infantry Weapons Level 3, Terran Infantry Armor Level 3  
  184  12:51  Missile Turret  
  184  12:52  Missile Turret  
  184  12:56  Marine x6  
  190  12:59  SCV  
  190  13:00  Refinery x2  
  190  13:03  Refinery x2  
  195  13:13  Medivac x2, Command Center  
  195  13:16  SCV  
  193  13:23  Missile Turret  
  193  13:24  SCV  
  193  13:25  Bunker  
  194  13:30  Terran Vehicle Weapons Level 2  
  191  13:44  Marine  
  189  13:49  Starport  
  189  13:51  Starport  
  189  13:53  Supply Depot  
  185  13:56  Medivac  
  187  14:03  Viking, Fusion Core  
  187  14:23  Marine  
  171  14:25  Marine  
  171  14:28  Marine  
  171  14:29  Marine x6  
  160  14:34  Siege Tank  
  159  14:41  Marine  
  159  14:43  Marine  
  159  14:45  SCV x3, Refinery  
  164  14:46  Marine  
  164  14:47  Marine x6  
  170  14:55  Planetary Fortress  
  170  14:57  SCV x3  
  170  14:59  Marine  
  174  15:00  Siege Tank  
  174  15:01  Marine  
  174  15:04  Marine  
  174  15:05  Marine x6  
  182  15:09  SCV x3, Siege Tank  
  187  15:14  Missile Turret  
  187  15:16  Missile Turret  
  187  15:17  Marine  
  187  15:19  Marine  
  189  15:21  SCV x2  
  189  15:22  Starport Reactor x2, Marine  
  189  15:23  Marine x6  
  189  15:25  Advanced Ballistics  
  198  15:34  Marine  
  198  15:35  Viking  
  198  15:36  Missile Turret x2  
  198  15:39  Neosteel Armor  
  199  16:00  Refinery x2  
  199  16:01  Command Center  
  199  16:02  Sensor Tower, Marine  
  200  16:08  Marine  
  196  16:12  Marine x4  
  185  16:24  Marine  
  185  16:25  Marine x3  
  178  16:26  Marine  
  178  16:28  Siege Tank  
  178  16:29  Marine  
  178  16:30  Siege Tank, Marine x3  
  178  16:31  Liberator x2  
  185  16:42  Marine x2  
  173  16:48  Marine  
  173  16:51  Marine x5  
  173  16:52  Liberator, Marine  
  180  17:00  Siege Tank  
  179  17:04  Marine  
  179  17:06  Marine  
  163  17:14  Marine  
  163  17:17  Marine  
  163  17:19  Marine  
  163  17:20  Marine x3  
  143  17:32  Marine  
  144  17:37  Liberator  
  146  17:46  Marine x2  
  148  17:54  Marine  
  149  18:01  Marine  
  149  18:04  Marine  
  151  18:10  Siege Tank  
  154  18:13  Orbital Command  
  135  18:20  Marine x2  
  135  18:25  Marine x2  
  125  18:29  Marine  
  125  18:33  Marine  
  124  18:40  Marine  
Tags
 
Event
TSL 8
Matchup
TvT
Player
CuresouL
Race
Terran
Add a new tag
Caveats
  • Supply blocks, unpowered buildings, or Contaminate may cause inaccurate times.
  • Supply counts are checked every 10 seconds.